Map: Blackpink LE

Players

Spazymazy - Winner!

  • Race: Zerg Zerg
  • Spawn Location: 1:00

EonBlu

  • Race: Zerg Zerg
  • Spawn Location: 7:00

Event: WCS Leipzig 2018

VOD

Have the link to the VOD?

Description

Time

  • Played on: Jan. 26, 2018, 7:32 a.m.
  • Length: 6:24

All games in this series

Show
View Real Time Build Order
Export as new Build Order

Spazymazy Zerg - Winner!

Build Orders: Hatch First, Zergling Baneling 

Get SALT Encoding   

  12  0:00  Drone  
  13  0:12  Overlord  
  13  0:17  Drone  
  14  0:31  Drone x2  
  14  0:35  Drone  
  17  0:51  Hatchery  
  17  0:55  Drone  
  17  0:57  Extractor  
  17  0:59  Drone  
  17  1:13  Spawning Pool  
  17  1:16  Drone  
  17  1:19  Drone  
  18  1:28  Drone  
  19  1:38  Overlord  
  19  1:59  Metabolic Boost, Queen  
  21  2:02  Zergling x2  
  21  2:03  Queen  
  21  2:04  Zergling x2  
  21  2:08  Zergling x2  
  26  2:11  Drone  
  26  2:15  Drone  
  28  2:21  Drone  
  29  2:39  Hatchery  
  29  2:42  Drone x2  
  30  2:45  Zergling x2  
  30  2:47  Drone x2  
  32  2:58  Drone x2  
  32  3:03  Baneling Nest  
  32  3:08  Overlord  
  32  3:09  Drone  
  32  3:11  Overlord  
  33  3:15  Drone x2  
  33  3:17  Drone  
  36  3:22  Overlord  
  36  3:30  Zergling x6  
  36  3:32  Zergling x2  
  40  3:40  Zergling x6  
  43  3:43  Zergling x6  
  43  3:44  Zergling x2  
  47  3:51  Baneling x4  
  47  3:52  Zergling x2  
  48  3:56  Zergling x4  
  49  4:09  Zergling x6  
  42  4:15  Zergling x8  
  44  4:24  Zergling x10  
  44  4:25  Zergling x2  
  46  4:31  Zergling x2  
  46  4:32  Queen  
  46  4:35  Zergling x4  
  50  4:43  Zergling x4  
  51  4:46  Overlord  
  51  4:54  Baneling x6  
  51  4:55  Baneling x2  
  51  4:56  Zergling x10  
  51  4:58  Drone  
  57  5:00  Drone  
  50  5:18  Zergling x8  
  50  5:19  Zergling x6  
  51  5:21  Zergling x2  
  51  5:28  Zergling x6  
  53  5:29  Baneling x4  
  53  5:35  Zergling x4  
  55  5:36  Zergling x4  
  55  5:40  Zergling x6  
  60  5:47  Zergling x2  
  59  5:51  Baneling x2  
  59  5:56  Zergling x4  
  59  5:57  Zergling x6  
  63  6:02  Zergling x2  
  63  6:03  Zergling x8  
  63  6:23  Roach Warren  
Show
View Real Time Build Order
Export as new Build Order

EonBlu Zerg 

Build Orders: Hatch First, Zergling Baneling 

Get SALT Encoding   

  12  0:01  Drone  
  13  0:12  Overlord  
  13  0:19  Drone  
  14  0:30  Drone  
  14  0:31  Drone  
  16  0:37  Drone  
  17  0:51  Hatchery  
  17  0:54  Drone  
  17  1:00  Drone  
  18  1:08  Extractor  
  17  1:13  Spawning Pool  
  17  1:16  Drone  
  17  1:21  Drone  
  18  1:30  Drone  
  19  1:40  Overlord  
  19  1:59  Queen  
  19  2:00  Zergling x4  
  23  2:03  Queen  
  23  2:04  Zergling x2  
  26  2:11  Metabolic Boost  
  26  2:13  Drone  
  26  2:14  Drone  
  29  2:22  Drone  
  29  2:26  Drone  
  30  2:32  Drone  
  31  2:41  Baneling Nest  
  31  2:42  Drone  
  31  2:47  Hatchery  
  28  3:01  Zergling x8  
  31  3:06  Overlord  
  31  3:10  Zergling x2  
  31  3:11  Zergling x4  
  34  3:16  Zergling x2  
  34  3:17  Zergling x2  
  36  3:24  Zergling x6  
  36  3:26  Zergling x2  
  40  3:31  Zergling x2  
  41  3:35  Baneling x4  
  41  3:38  Drone  
  42  3:43  Drone  
  42  3:47  Drone  
  44  3:48  Overlord  
  43  4:08  Drone x3  
  45  4:10  Drone x3  
  45  4:16  Drone x2  
  46  4:20  Drone  
  46  4:21  Zergling x4  
  43  4:32  Queen  
  43  4:34  Zergling x6  
  48  4:42  Zergling x12  
  48  4:43  Baneling  
  48  4:44  Baneling  
  48  4:45  Extractor  
  52  4:46  Extractor  
  52  4:47  Drone  
  52  4:48  Roach Warren  
  52  4:50  Baneling  
  50  4:55  Baneling x2  
  50  4:59  Zergling x8  
  43  5:18  Drone x3  
  42  5:21  Baneling  
  42  5:22  Baneling  
  42  5:26  Drone x8  
  48  5:34  Roach  
  48  5:35  Roach  
  52  5:39  Roach x2  
  55  5:45  Roach x2  
  55  5:47  Zergling x2  
  55  5:49  Overlord x3  
Tags
 
Add a new tag
Caveats
  • Supply blocks, unpowered buildings, or Contaminate may cause inaccurate times.
  • Supply counts are checked every 10 seconds.